 Dungeon Crawl Stone Soup version 0.16.3-4-gc506b73efe (webtiles) character file.

9121 faibistes the Thaumaturge (level 11, 0/54 HPs)
             Began as a Deep Elf Wizard on Mar 25, 2024.
             Was an Elder of Sif Muna.
             Slain by a giant frog (9 damage)
             ... on level 1 of the Lair of Beasts.
             The game lasted 00:35:45 (14210 turns).

faibistes the Thaumaturge (Deep Elf Wizard)        Turns: 14210, Time: 00:35:45

Health: 0/54       AC: -6    Str:  4    XL:     11   Next: 18%
Magic:  39/43      EV: 16    Int: 31    God:    Sif Muna [****..]
Gold:   517        SH:  0    Dex: 13    Spells: 6 memorised, 21 levels left

rFire  . . .     SeeInvis .     e - +3 dagger (venom)
rCold  . . .     Clarity  .     J - +1 robe {MR+}
rNeg   + . .     SustAb   .     (no shield)
rPois  .         Gourm    .     b - +1 hat
rElec  .         Spirit   .     (no cloak)
rCorr  .         Warding  +     (no gloves)
rMut   .         Stasis   .     (no boots)
MR     ++...                    C - amulet of warding
Stlth  ++........               A - +4 ring of intelligence
                                p - ring of magical power

@: corroded equipment, repel missiles, very resistant to hostile enchantments,
unstealthy
A: no striking features
a: Channel Energy, Forget Spell, Renounce Religion


You were on level 1 of the Lair of Beasts.
You worshipped Sif Muna.
Sif Muna was greatly pleased with you.
You were not hungry.

You visited 3 branches of the dungeon, and saw 14 of its levels.

You collected 517 gold pieces.

Inventory:

Hand weapons
 e - a +3 dagger of venom (weapon)
 R - the +11 war axe "Zunodgher" {chop, +Blink rF+ Int+2 Dex+4, unknown}
   (You found it on level 8 of the Dungeon)

   It inflicts extra damage upon your enemies.
   It affects your intelligence (+2).
   It affects your dexterity (+4).
   It protects you from fire.
   It lets you blink.
Armour
 b - a +1 hat (worn)
 J - a +1 robe of magic resistance (worn)
Jewellery
 p - a ring of magical power (left hand)
 y - an uncursed amulet of regeneration
 z - an uncursed ring of fire
 A - a +4 ring of intelligence (right hand)
 C - an amulet of warding (around neck)
 K - an uncursed ring of flight {unknown}
 M - a cursed -3 ring of dexterity
Magical devices
 h - a wand of fireball (0)
 i - a wand of fire (0)
 l - a wand of lightning (0)
 x - a wand of cold (4)
 D - a wand of slowing (10)
 I - a wand of disintegration (16)
 L - a wand of confusion (8)
 S - a wand of confusion (13)
 T - a wand of disintegration (17)
 V - a wand of flame (27)
Scrolls
 f - 3 scrolls of enchant armour
 n - 2 scrolls of teleportation
 r - a scroll of amnesia
 H - a scroll of blinking
 O - a scroll of immolation
 Q - a scroll of recharging
Potions
 g - 2 potions of agility
 j - 4 potions of curing
 k - 2 potions of haste
 m - a potion of mutation {unknown}
 o - a potion of magic {unknown}
 s - 2 potions of berserk rage
 t - 2 potions of resistance
 v - 2 potions of heal wounds {unknown}
 w - 2 potions of brilliance {unknown}
 B - 2 potions of poison {unknown}
 F - 2 potions of restore abilities {unknown}
 G - a potion of experience {unknown}
 N - a potion of cancellation {unknown}
 P - a potion of degeneration {unknown}
Books
 c - a book of Minor Magic

   Spells                             Type                      Level
   a - Magic Dart                     Conjuration                  1
   b - Blink                          Translocation                2
   c - Call Imp                       Summoning                    2
   d - Repel Missiles                 Charms/Air                   2
   e - Slow                           Hexes                        2
   f - Conjure Flame                  Conjuration/Fire             3
   g - Mephitic Cloud                 Conjuration/Poison/Air       3
 E - a book of Annihilations {highlevel, unknown}

   This book is beyond your current level of understanding.

   Spells                             Type                      Level
   a - Poison Arrow                   Conjuration/Poison           6
   b - Chain Lightning                Conjuration/Air              8
   c - Lehudib's Crystal Spear        Conjuration/Earth            8
   d - Glaciate                       Conjuration/Ice              9
   e - Fire Storm                     Conjuration/Fire             9
Comestibles
 a - a royal jelly
 d - 8 bread rations
 q - 2 slices of pizza
 u - 3 meat rations


   Skills:
 + Level 7.3 Dodging
 - Level 2.4 Stealth
 * Level 12.0 Spellcasting
 + Level 7.6 Conjurations
 - Level 1.1 Summonings
 - Level 2.2 Translocations
 * Level 6.6 Fire Magic
 - Level 4.3 Air Magic
 - Level 3.2 Poison Magic
 * Level 8.1 Invocations
 + Level 5.1 Evocations


You had 21 spell levels left.
You knew the following spells:

 Your Spells              Type           Power        Failure   Level  Hunger
a - Magic Dart            Conj           ####         1%          1    None
b - Conjure Flame         Conj/Fire      ######..     1%          3    None
c - Call Imp              Summ           ####....     2%          2    None
d - Blink                 Tloc           N/A          1%          2    None
e - Mephitic Cloud        Conj/Pois/Air  ######..     1%          3    None
f - Repel Missiles        Chrm/Air       ####..       1%          2    None


Dungeon Overview and Level Annotations

Branches:
Dungeon (11/15)            Temple (1/1) D:4            Lair (2/8) D:9
    Orc (0/4) D:9

Altars:
Ashenzari
Cheibriados
Dithmenos
Elyvilon
Fedhas
Gozag
Kikubaaqudgha
Makhleb
Nemelex Xobeh
Okawaru
Qazlal
Ru
Sif Muna
Trog
Vehumet
Xom
Yredelemnul
Zin
The Shining One

Annotations:
D:8 2 runed doors
Lair:1 exclusion: oklob plant


Message History

This wand has no charges.
Unknown command.
Evoke which item? (* to show all) (? for menu, Esc to quit)
Zapping:
h - a wand of fireball {zapped: 3} (will waste charges)
Press: ? - help, Shift-Dir - straight line, f/p - oklob plant
Aim: an oklob plant (severely damaged)
The fireball explodes!
The fireball engulfs the bush.
The bush is on fire!
The bush is heavily damaged.
The fireball engulfs the bush.
The bush is on fire!
The bush is lightly damaged.
The fireball engulfs the bush.
The bush is on fire!
The bush is lightly damaged.
The fireball engulfs the bush.
The bush is on fire!
The bush is moderately damaged.
The fireball engulfs the oklob plant.
The oklob plant is almost destroyed.
Evoking this partially-identified wand wasted a few charges.
The bush is engulfed in roaring flames. x2
The giant frog hits you!
You die...

#.....### #..............
........###)..............
#.....#..........§........
#.....#...................
......#.#.#............[..
.....#..#.....P.##....#?.
........P.......[#...##..
...#....÷.......F........
.. ###..#.......@........
. ###..#............P...
#............$.....P#
##.♣♣♣♣......PPP.....P
#..♣ ♣.....!PP.:..... ##.♣
♣......PPP....#
#P.♣♣♣♣..≈.... ....
##........... ...
####......#..


You could see an oklob plant and a giant frog.

Vanquished Creatures
  A hydra (Lair:1)
  Nergalle (Lair:1)
  The ghost of faibistes the Thaumaturge, an experienced DEWz of Sif Muna (D:9)
  Erolcha (D:8)
  A troll (D:9)
  2 two-headed ogres (D:9)
  A basilisk (Lair:1)
  A spriggan (D:7)
  Eustachio (D:7)
  6 yaks (Lair:1)
  A hippogriff (Lair:1)
  Edmund (D:8)
  A water moccasin (Lair:1)
  A porcupine (Lair:1)
  2 necrophages (D:8)
  4 ogres
  An eye of draining (D:7)
  3 orc warriors
  2 boring beetles (D:9)
  2 phantoms
  6 sky beasts
  4 centaurs
  4 giant frogs
  2 crocodiles (Lair:1)
  Blork the orc (D:9)
  A wyvern zombie (D:8)
  2 scorpions
  4 killer bees (D:8)
  9 wights
  A goliath beetle (D:8)
  A jelly (D:5)
  3 crimson imps
  3 hounds
  2 giant frog skeletons
  A centaur skeleton (D:8)
  4 orc priests
  6 worker ants
  An iguana (D:9)
  4 orc wizards
  A killer bee zombie (D:7)
  2 hound zombies
  A mummy (D:8)
  2 hound skeletons
  17 adders
  6 gnolls
  A worm (D:3)
  An ufetubus (D:7)
  2 adder skeletons (D:4)
  An adder zombie (D:8)
  8 giant geckos
  An ooze (D:3)
  20 orcs
  6 giant cockroaches
  9 goblins
  20 hobgoblins
  13 jackals
  3 quokkas
  16 bats
  2 giant gecko skeletons
  2 giant newts
  13 kobolds
  12 rats
  A bush (Lair:1)
253 creatures vanquished.

Vanquished Creatures (collateral kills)
  A worker ant (D:5)
  An adder (D:6)
  An orc (D:7)
  A hobgoblin (D:6)
4 creatures vanquished.

Vanquished Creatures (others)
  A crimson imp (D:6)
  An adder (Lair:1)
  2 white imps
4 creatures vanquished.

Grand Total: 261 creatures vanquished

Notes
Turn   | Place    | Note
--------------------------------------------------------------
     0 | D:1      | faibistes, the Deep Elf Wizard, began the quest for the Orb.
     0 | D:1      | Reached XP level 1. HP: 10/10 MP: 6/6
   266 | D:2      | Reached XP level 2. HP: 15/15 MP: 7/9
   744 | D:1      | Learned a level 2 spell: Blink
   747 | D:1      | Learned a level 2 spell: Call Imp
   791 | D:1      | Reached skill level 5 in Spellcasting
  1164 | D:1      | Reached XP level 3. HP: 19/19 MP: 10/14
  1346 | D:1      | Learned a level 3 spell: Conjure Flame
  1350 | D:1      | Learned a level 3 spell: Mephitic Cloud
  1423 | D:4      | Noticed an ogre
  2023 | D:2      | Learned a level 2 spell: Repel Missiles
  2043 | D:2      | Reached XP level 4. HP: 24/24 MP: 17/17
  2771 | D:3      | Killed an ogre
  2771 | D:3      | Reached skill level 6 in Spellcasting
  2771 | D:3      | Reached XP level 5. HP: 19/28 MP: 9/20
  2955 | D:3      | Found a shattered altar of Ashenzari.
  3801 | D:5      | Entered Level 5 of the Dungeon
  3901 | D:4      | Reached skill level 7 in Spellcasting
  3901 | D:4      | Reached XP level 6. HP: 25/32 MP: 23/23
  4043 | D:4      | Found a shimmering altar of Xom.
  4210 | D:4      | Found a staircase to the Ecumenical Temple.
  4235 | Temple   | Entered the Ecumenical Temple
  4359 | Temple   | Became a worshipper of Sif Muna the Loreminder
  4435 | D:4      | Reached skill level 1 in Air Magic
  4454 | D:5      | Found an iron altar of Okawaru.
  4885 | D:4      | Found an opulent altar of Gozag.
  5582 | D:5      | Noticed a centaur
  5585 | D:5      | Noticed a centaur
  5588 | D:5      | Killed a centaur
  5588 | D:5      | Reached skill level 1 in Poison Magic
  5588 | D:5      | Reached XP level 7. HP: 36/36 MP: 25/25
  5824 | D:5      | Killed a centaur
  5933 | D:5      | Acquired Sif Muna's first power
  6088 | D:5      | Noticed a centaur
  6095 | D:5      | Noticed a sky beast
  6095 | D:5      | Noticed a phantom
  6104 | D:5      | Killed a phantom
  6104 | D:5      | Reached skill level 5 in Conjurations
  6115 | D:5      | Killed a sky beast
  6135 | D:5      | Reached skill level 8 in Spellcasting
  6297 | D:5      | Killed a centaur
  6366 | D:5      | Reached XP level 8. HP: 14/41 MP: 26/27
  7199 | D:6      | Acquired Sif Muna's second power
  7227 | D:6      | Reached skill level 5 in Dodging
  7405 | D:7      | Reached skill level 9 in Spellcasting
  7562 | D:6      | Reached skill level 1 in Fire Magic
  7562 | D:6      | Reached skill level 1 in Invocations
  7568 | D:6      | Reached skill level 1 in Evocations
  8735 | D:7      | Reached XP level 9. HP: 45/45 MP: 29/29
  8862 | D:7      | Noticed Eustachio
  8882 | D:7      | Killed Eustachio
  9809 | D:8      | Noticed Edmund
  9831 | D:8      | Killed Edmund
  9831 | D:8      | Reached skill level 10 in Spellcasting
 10004 | D:8      | Found a large runed door.
 10005 | D:8      | Found a large runed door.
 10090 | D:8      | Noticed Erolcha
 10127 | D:8      | Killed Erolcha
 10127 | D:8      | Reached skill level 5 in Invocations
 10474 | D:8      | Reached XP level 10. HP: 50/50 MP: 29/31
 11137 | D:8      | Found a shadowy altar of Dithmenos.
 11190 | D:8      | Got a fine war axe
 11245 | D:8      | Found a glowing silver altar of Zin.
 11324 | D:10     | Entered Level 10 of the Dungeon
 11378 | D:9      | Found a staircase to the Orcish Mines.
 11397 | D:9      | Reached skill level 5 in Fire Magic
 11972 | D:9      | Found a staircase to the Lair.
 12019 | D:9      | Noticed Blork the orc
 12029 | D:9      | Killed Blork the orc
 12036 | D:9      | Found a deep blue altar of Sif Muna.
 12320 | D:9      | Noticed faibistes' ghost (experienced DEWz)
 12328 | D:9      | Killed faibistes' ghost
 12328 | D:9      | Reached skill level 11 in Spellcasting
 13039 | D:9      | Acquired Sif Muna's third power
 13108 | Lair:1   | Entered Level 1 of the Lair of Beasts
 13261 | Lair:1   | Noticed a seven-headed hydra
 13269 | Lair:1   | Killed a seven-headed hydra
 13412 | Lair:1   | Reached XP level 11. HP: 17/54 MP: 30/33
 13618 | Lair:1   | Found a glowing golden altar of the Shining One.
 13951 | Lair:1   | Reached skill level 5 in Evocations
 14075 | Lair:1   | Noticed Nergalle
 14092 | Lair:1   | Killed Nergalle
 14092 | Lair:1   | Reached skill level 12 in Spellcasting
 14191 | Lair:1   | Noticed an oklob plant
 14210 | Lair:1   | Slain by a giant frog

Action                   |  1- 3 |  4- 6 |  7- 9 | 10-12 || total
-------------------------+-------+-------+-------+-------++-------
Melee: Unarmed           |     9 |       |       |       ||     9
       Dagger            |     2 |     5 |    34 |    42 ||    83
 Cast: Magic Dart        |    97 |   155 |   368 |   190 ||   810
       Repel Missiles    |     1 |       |     2 |     1 ||     4
       Mephitic Cloud    |       |    13 |    23 |    14 ||    50
       Conjure Flame     |       |     6 |    34 |    40 ||    80
       Blink             |       |     5 |     4 |     8 ||    17
       Call Imp          |       |       |     6 |       ||     6
Invok: Channel Energy    |       |       |     1 |     2 ||     3
Evoke: Wand              |       |       |       |    13 ||    13
  Use: Scroll            |       |       |    21 |     2 ||    23
       Potion            |       |       |       |     1 ||     1
 Stab: Confused          |       |       |     1 |     2 ||     3
  Eat: Chunk             |     3 |    11 |    15 |     7 ||    36
       Bread ration      |       |       |       |     1 ||     1
